 Dungeon Crawl Stone Soup version 0.20.1-1-g8b1a95d (webtiles) character file.

3421 Blomdor the Cleaver (level 10, -5/81 HPs)
             Began as a Barachi Conjurer on Sept 17, 2017.
             Was an Elder of Cheibriados.
             Killed from afar by Dowan (10 damage)
             ... with a shard of ice
             ... on level 7 of the Dungeon on Sept 18, 2017.
             The game lasted 00:24:15 (10203 turns).

Blomdor the Cleaver (Barachi Conjurer)             Turns: 10203, Time: 00:24:17

Health: -5/81      AC: 17    Str: 28    XL:     10   Next: 5%
Magic:  13/13      EV:  9    Int: 25    God:    Cheibriados [****..]
Gold:   284        SH:  0    Dex: 22    Spells: 4/13 levels left

rFire    . . .     SeeInvis .   C - +4 flail
rCold    . . .     Gourm    .   (no shield)
rNeg     . . .     Faith    .   q - +0 plate armour
rPois    +         Spirit   .   i - +0 helmet
rElec    .         Reflect  .   l - +1 cloak
rCorr    .         Harm     .   (no gloves)
MR       .....                  (no boots)
Stlth    ..........             (no amulet)
Regen    0.3/turn               A - +5 ring of strength
MPRegen  0.2/turn               x - ring of wizardry

@: very slow
A: +LOS, swims, poison resistance, shaggy fur 1, slowness 1, strong 1, strong
legs 1
a: Hop, Bend Time, Temporal Distortion, Slouch, Renounce Religion


You were on level 7 of the Dungeon.
You worshipped Cheibriados.
Cheibriados was greatly pleased with you.
You were not hungry.

You visited 2 branches of the dungeon, and saw 8 of its levels.
You also visited: Sewer.

You collected 284 gold pieces.

Inventory:

Hand Weapons
 r - a +0 blowgun
 s - a +0 hand axe
 C - a +4 flail (weapon)
Missiles
 z - 59 poisoned needles
Armour
 i - a +0 helmet (worn)
 l - a +1 cloak (worn)
 q - a +0 plate armour (worn)
Jewellery
 p - an uncursed ring of magical power
 x - a ring of wizardry (right hand)
 y - an uncursed ring of fire
 A - a +5 ring of strength (left hand)
Wands
 e - a wand of polymorph (2/24)
 k - a wand of iceblast (11/15)
 o - a wand of lightning (8/15)
 u - a wand of flame (9/48)
Scrolls
 n - a scroll of enchant weapon
 v - 5 scrolls of teleportation
 B - a scroll of enchant armour
 E - 3 scrolls of amnesia
 G - 2 scrolls of remove curse
Potions
 a - 2 potions of heal wounds
 f - 5 potions of curing
 h - a potion of resistance
 j - a potion of invisibility
 m - a potion of magic
 w - a potion of cancellation
 D - 2 potions of flight
 F - 2 potions of brilliance
 H - a potion of agility
Books
 b - a book of Conjurations

   Spells                             Type                      Level
   a - Magic Dart                     Conjuration                  1
   b - Searing Ray                    Conjuration                  2
   c - Dazzling Spray                 Conjuration/Hexes            3
   d - Fulminant Prism                Conjuration/Hexes            4
   e - Force Lance                    Conjuration/Translocation    4
   f - Iskenderun's Mystic Blast      Conjuration                  4
Comestibles
 c - 10 bread rations
 d - 6 meat rations
 g - 6 fruits
 t - a royal jelly
 I - 5 chunks of flesh


   Skills:
 + Level 8.3 Fighting
 * Level 11.3 Axes
 + Level 6.5 Armour
 - Level 2.1 Dodging
 - Level 1.7 Stealth
 - Level 2.1 Spellcasting
 - Level 4.3 Conjurations


You had 4 spell levels left.
You knew the following spells:

 Your Spells              Type           Power        Failure   Level  Hunger
a - Magic Dart            Conj           ###.         8%          1    None
b - Searing Ray           Conj           ###...       11%         2    ##.....
c - Dazzling Spray        Conj/Hex       ##....       45%         3    ###....
d - Tukima's Dance        Hex            #.......     75%         3    ###....


Dungeon Overview and Level Annotations

Branches:
Dungeon (7/15)             Temple (1/1) D:4

Altars:
Cheibriados
Dithmenos
Elyvilon
Makhleb
Nemelex Xobeh
Ru
Sif Muna
Trog
Vehumet
Xom
Zin

Shops:
D:5 :

Annotations:
D:7 Dowan


Innate Abilities, Weirdness & Mutations

Shadows flee at your approach. (+LOS)
You can swim through water.
You cover ground slowly.
You can hop short distances.
Your system is resistant to poisons. (rPois)
You are covered in fur. (AC +1)
Your muscles are strong. (Str +2)


Message History

Duvessa is almost dead.
Duvessa says, "Where magic fails, the sword succeeds!"
Duvessa hits you but does no damage. Duvessa barely misses you.
You hit Duvessa.
Duvessa is almost dead.
Duvessa hits you but does no damage.
You hit Duvessa.
You kill Duvessa!
Cheibriados appreciates the change of pace.
Something screams, "No!
No!
NO!"
A shard of ice appears from out of thin air!
The shard of ice misses you.
You hear some strange, mumbled words.
A shard of ice appears from out of thin air!
The shard of ice hits you!
* * * LOW HITPOINT WARNING * * *
You hear some strange, mumbled words.
A shard of ice appears from out of thin air!
The shard of ice hits you!
You die...

#..........#..##
##.............#
##..............#
#...............#
#.................
##.................
#...............###
#..............#..
#.@.(..............
#).............#...
#................####
......####.....#...
.......### ##...#..
#....## ...# .....
..# ..#. . .


There were no monsters in sight!

Vanquished Creatures
  The ghost of Chazgasm the Cleaver, a novice MiBe of Trog (D:5)
  Joseph (D:7)
  A spriggan (D:7)
  Duvessa (D:7)
  2 ice beasts
  An orc warrior (D:6)
  2 sky beasts
  A black bear (D:7)
  2 ogres
  2 centaurs
  Blork the orc (D:6)
  3 bullfrogs
  A scorpion (D:5)
  A howler monkey (D:5)
  3 crimson imps
  A bullfrog zombie (D:5)
  A centaur zombie (D:5)
  4 orc priests
  3 hounds
  2 jellies (D:5)
  A bullfrog skeleton (D:6)
  4 orc wizards
  2 iguanas
  5 worker ants
  2 hound skeletons
  2 worker ant zombies
  7 gnolls
  11 adders
  2 oozes (D:1)
  2 adder skeletons
  5 dart slugs
  4 worms
  7 leopard geckos
  25 orcs
  5 ball pythons
  14 bats
  5 giant cockroaches
  12 goblins
  22 hobgoblins
  10 jackals
  A quokka (D:4)
  10 frilled lizards
  22 kobolds
  A leopard gecko zombie (D:6)
  13 rats
  A plant (Sewer)
229 creatures vanquished.

Notes
Turn   | Place    | Note
-------+----------+-------------------------------------------
     0 | D:1      | Blomdor the Barachi Conjurer began the quest for the Orb.
     0 | D:1      | Reached XP level 1. HP: 13/13 MP: 3/3
    78 | D:1      | Reached skill level 1 in Fighting
   105 | D:1      | Reached XP level 2. HP: 7/22 MP: 0/5
   781 | D:1      | Reached XP level 3. HP: 18/29 MP: 6/6
  1924 | D:2      | Reached XP level 4. HP: 7/37 MP: 7/7
  2428 | D:2      | Reached skill level 1 in Armour
  2970 | D:2      | Reached XP level 5. HP: 40/43 MP: 8/8
  2973 | D:2      | Reached skill level 5 in Fighting
  3337 | D:2      | Learned a level 2 spell: Searing Ray
  3341 | D:2      | Learned a level 3 spell: Dazzling Spray
  4481 | D:4      | Reached skill level 1 in Axes
  4481 | D:4      | Reached XP level 6. HP: 40/52 MP: 9/9
  4586 | D:4      | Reached skill level 2 in Axes
  4635 | D:4      | Found a burning altar of Makhleb.
  4784 | D:4      | Reached skill level 3 in Axes
  5630 | D:3      | Reached skill level 4 in Axes
  5643 | D:4      | Found a staircase to the Ecumenical Temple.
  5652 | Temple   | Entered the Ecumenical Temple
  6005 | Temple   | Became a worshipper of Cheibriados the Contemplative
  6474 | D:4      | Reached XP level 7. HP: 46/57 MP: 10/10
  6550 | D:4      | Reached skill level 5 in Axes
  7041 | D:4      | Learned a level 3 spell: Tukima's Dance
  7103 | D:5      | Entered Level 5 of the Dungeon
  7150 | D:5      | Reached skill level 6 in Axes
  7198 | D:5      | Noticed Chazgasm's ghost (novice MiBe)
  7204 | D:5      | Gained mutation: Your system is resistant to poisons. (rPois) [potion of mutation]
  7204 | D:5      | Gained mutation: You are covered in fur. (AC +1) [potion of mutation]
  7204 | D:5      | Gained mutation: Your muscles are strong. (Str +2) [potion of mutation]
  7218 | D:5      | Killed Chazgasm's ghost
  7218 | D:5      | Reached skill level 8 in Axes
  7218 | D:5      | Reached XP level 8. HP: 64/64 MP: 11/11
  7340 | D:5      | Reached * piety under Cheibriados
  7531 | D:5      | Reached skill level 9 in Axes
  8001 | D:5      | Reached XP level 9. HP: 44/71 MP: 12/12
  8190 | D:5      | Found a deep blue altar of Sif Muna.
  8337 | D:5      | Found Bivobriu's Book Emporium.
  8384 | D:6      | Found a glowing drain.
  8414 | Sewer    | Entered a sewer
  8540 | Sewer    | Reached ** piety under Cheibriados
  9135 | D:6      | Found a shimmering altar of Xom.
  9141 | D:6      | Reached *** piety under Cheibriados
  9142 | D:6      | Noticed Blork the orc
  9158 | D:6      | Reached skill level 10 in Axes
  9170 | D:6      | Killed Blork the orc
  9216 | D:6      | Reached skill level 5 in Armour
  9779 | D:6      | Found a sacrificial altar of Ru.
 10138 | D:7      | Reached **** piety under Cheibriados
 10155 | D:7      | Reached skill level 11 in Axes
 10166 | D:7      | Noticed Joseph
 10167 | D:7      | Noticed Dowan
 10170 | D:7      | Noticed Duvessa
 10185 | D:7      | Killed Joseph
 10185 | D:7      | Reached XP level 10. HP: 56/80 MP: 13/13
 10202 | D:7      | Killed Duvessa
 10203 | D:7      | Killed from afar by Dowan

Skill      XL: |  1  2  3  4  5  6  7  8  9 |
---------------+----------------------------+-----
Fighting       | 1 3 4 5 6 8 |  8.3
Armour         | 2 4 6 |  6.5
Axes           | 1 4 8 9 11 | 11.3
Dodging        | |  2.1
Stealth        | |  1.7
Spellcasting   | |  2.1
Conjurations   | |  4.3

Action                   |  1- 3 |  4- 6 |  7- 9 | 10-12 || total
-------------------------+-------+-------+-------+-------++-------
Melee: Unarmed           |    23 |       |    10 |       ||    33
       Short sword       |    53 |       |       |       ||    53
       Spear             |    70 |   265 |       |       ||   335
       Hand axe          |       |    54 |       |       ||    54
       Flail             |       |     6 |   369 |    17 ||   392
 Fire: Blowgun           |       |       |     9 |       ||     9
 Cast: Magic Dart        |    25 |    54 |       |       ||    79
       Searing Ray       |       |    10 |       |       ||    10
       Dazzling Spray    |       |    10 |     5 |       ||    15
 Abil: Hop               |     1 |     2 |     5 |       ||     8
  Use: Scroll            |     1 |     8 |     8 |       ||    17
       Potion            |       |     1 |     9 |       ||    10
 Stab: Sleeping          |       |     1 |       |       ||     1
       Invisible         |       |     2 |     1 |       ||     3
       Distracted        |       |     1 |       |       ||     1
       Confused          |       |       |     1 |       ||     1
  Eat: Chunk             |     4 |    16 |    10 |       ||    30
       Fruit             |       |     3 |       |       ||     3
Armor: Robe              |    29 |    39 |     4 |       ||    72
       Scale mail        |       |     5 |    27 |       ||    32
       Chain mail        |       |       |   115 |       ||   115
       Plate armour      |       |       |    92 |    19 ||   111
       Skin              |       |       |     1 |       ||     1
Dodge: Dodged            |   112 |   222 |   200 |     6 ||   540
